 Dungeon Crawl Stone Soup version 0.31.0-11-ge490571c62 (webtiles) character file.

Game seed: 11618035450293494028

750 Curundu the Chopper (level 7, -4/62 HPs)
             Began as a Minotaur Berserker on Feb 6, 2024.
             Was a Believer of Trog.
             Killed by divine providence
             ... invoked by a meliai
              (15 damage)
             ... on level 4 of the Dungeon.
             The game lasted 00:09:21 (3927 turns).

Curundu the Chopper (Minotaur Berserker)            Turns: 3927, Time: 00:09:22

Health: -4/62      AC:  8    Str: 24    XL:     7   Next: 48%
Magic:  6/6        EV: 11    Int:  4    God:    Trog [**....]
Gold:   189        SH:  0    Dex:  9    Spells: 6/6 levels left

rFire   + . .        p - +3 quarterstaff (chaos)
rCold   + . .        (shield currently unavailable)
rNeg    . . .        c - +0 scale mail
rPois   .            (helmet restricted)
rElec   .            q - +0 cloak
rCorr   .            (no gloves)
SInv    .            (no boots)
Will    ++...        (no amulet) Stlth
                     j - ring of protection from fire
HPRegen 1.30/turn    m - ring of protection from cold
MPRegen 0.10/turn

%: no passive effects
@: lethally poisoned (-4 -> -14), strong-willed, regenerating, studying Long
Blades
A: horns 2, retaliatory headbutt
a: Renounce Religion, Berserk, Trog's Hand


You were on level 4 of the Dungeon.
You worshipped Trog.
Trog was pleased with you.
You visited 1 branch of the dungeon, and saw 4 of its levels.
You also visited: Sewer.

You collected 189 gold pieces.

Inventory:

Hand Weapons
 a - a +0 hand axe
 p - a +3 quarterstaff of chaos (weapon)
Missiles
 h - 6 javelins (quivered)
 r - 2 throwing nets
Armour
 c - a +0 scale mail (worn)
 q - a +0 cloak (worn)
Jewellery
 j - a ring of protection from fire (left hand)
 m - a ring of protection from cold (right hand)
Scrolls
 d - 3 scrolls of teleportation
 n - 5 scrolls of identify {unknown}
 s - a scroll of butterflies {unknown}
 t - a scroll of fear {unknown}
 v - a scroll of silence {unknown}
Potions
 b - a potion of cancellation {unknown}
 e - 6 potions of curing {unknown}
 f - 3 potions of invisibility {unknown}
 g - a potion of berserk rage {unknown}
 i - 2 potions of attraction {unknown}
 k - a potion of mutation {unknown}
 l - 2 potions of lignification {unknown}
 o - a potion of heal wounds {unknown}
 u - a potion of haste {unknown}


   Skills:
 + Level 5.9 Fighting
 * Level 6.1 Axes
 - Level 4.0 Staves
 + Level 4.8 Armour
 * Level 3.4 Dodging
 - Level 1.0 Stealth
 * Level 1.1 Evocations


You had 6 spell levels left.
You didn't know any spells.
Your spell library was empty.

Dungeon Overview and Level Annotations

Branches:
Dungeon (4/15)             Temple (0/1) D:4           Sewer (visited)

Altars:


Innate Abilities, Weirdness & Mutations

You have a pair of horns on your head.
You reflexively headbutt those who attack you in melee.


Message History

The meliai poisons you! The meliai hits you but does no damage.
The meliai stings you.
You closely miss the meliai. Your headbutt misses the meliai.
The meliai is severely wounded.
You feel very sick.
A killer bee comes into view.
The meliai invokes the aid of its god against you.
Something smites you! The meliai barely misses you. x2
The killer bee moves out of view.
You hit the meliai but do no damage. You drain the meliai.
You headbutt the meliai, but do no damage.
The meliai is severely wounded.
You feel very sick. The meliai barely misses you. x2
A killer bee comes into view.
The meliai hits you but does no damage.
The meliai stings you but does no damage.
The killer bee buzzes angrily.
You hit the meliai.
The meliai is almost dead.
You feel sick.
You hear an angry hiss.
The meliai calls down the wrath of its god upon you.
Something smites you!
* * * LOW HITPOINT WARNING * * *
A killer bee comes into view.
The meliai barely misses you.
The meliai stings you but does no damage.
A killer bee comes into view.
Your skin crawls.
You feel strong-willed.
You feel sick.
The killer bee buzzes angrily.
The meliai barely misses you. The meliai stings you.
* * * LOW HITPOINT WARNING * * *
You are more poisoned.
The meliai poisons you!
The meliai mumbles some strange prayers to its god against you.
Something smites you!
You die...

.......## ...y....#
.... ..y.....# ...
..<..y..## ..#
......... .. .....y..#
#.## ........#######
##..##
.....##y##....###....##
... #@#...##...##...# .
#....#..###..#..##
##..#.(#...#..#..#
##.#.#.###.#.#..#
##.#.#...#.#.#.#
#.#.#.>.#.#.#.#
#.#.#...#.#.#..
.#.#.###.#.#... .
..#...#..#...


You could see a meliai (drained) and 4 killer bees.

Vanquished Creatures
  Grinder (D:4)
  5 kobold brigands (Sewer)
  Crazy Yiuf (D:3)
  Terence (D:3)
  6 adders
  A river rat (Sewer)
  5 ribbon worms
  5 orcs
  5 endoplasms
  A giant cockroach (D:3)
  11 goblins
  5 hobgoblins
  A jackal (D:2)
  10 kobolds
  5 quokkas (D:4)
  12 ball pythons
  3 bats
  A frilled lizard (D:2)
  11 rats
90 creatures vanquished.

Notes
Turn   | Place    | Note
-------+----------+-------------------------------------------
     0 | D:1      | Curundu the Minotaur Berserker began the quest for the Orb.
     0 | D:1      | Reached XP level 1. HP: 19/19 MP: 0/0
   137 | D:1      | Reached XP level 2. HP: 27/27 MP: 1/1
   298 | D:1      | Reached skill level 4 in Axes
  1181 | D:2      | Reached XP level 3. HP: 26/33 MP: 2/2
  1293 | D:2      | Found a faded altar of an unknown god.
  1547 | D:3      | Reached ** piety under Trog
  1548 | D:3      | Noticed Terence
  1555 | D:3      | Killed Terence
  1661 | D:3      | Reached XP level 4. HP: 39/41 MP: 3/3
  2360 | D:3      | Found a runed translucent door.
  2361 | D:3      | Noticed Crazy Yiuf
  2368 | D:3      | Killed Crazy Yiuf
  2369 | D:3      | Reached skill level 5 in Axes
  2599 | D:4      | Reached XP level 5. HP: 39/47 MP: 4/4
  2607 | D:4      | Found a glowing drain.
  2611 | Sewer    | Entered a sewer
  2742 | Sewer    | Reached skill level 5 in Fighting
  2742 | Sewer    | Reached skill level 1 in Staves
  2804 | Sewer    | Reached XP level 6. HP: 26/56 MP: 5/5
  3276 | Sewer    | Reached skill level 1 in Stealth
  3522 | Sewer    | Reached XP level 7. HP: 49/61 MP: 6/6
  3610 | D:4      | Found a staircase to the Ecumenical Temple.
  3644 | D:4      | Noticed Grinder
  3644 | D:4      | Paralysed by Grinder for 4 turns
  3657 | D:4      | Killed Grinder
  3658 | D:4      | Reached skill level 6 in Axes
  3658 | D:4      | Reached skill level 1 in Evocations
  3922 | D:4      | a killer bee changed into a meliai
  3922 | D:4      | Noticed a meliai
  3927 | D:4      | Killed from afar by a meliai

Illustrated notes

Levels and vault maps discovered:
D:1:      tarquinn_simple_flora_water_e, layout_loops_cross, minmay_tall_x
D:2:      layout_loops_ring, dilly_ecumenical_altar_fadedgnrine,
          minmay_pentomino_o2
D:3:      layout_basic, amethyst_killhole, uniq_crazy_yiuf_cottage, uniq_terence
D:4:      layout_cave_pods, minmay_temple_entry_steel_oval,
          gup_sewer_entry_bowl, uniq_grinder

Skill      XL: |  1  2  3  4  5  6  7 |
---------------+----------------------+-----
Axes           | 4 5 6 |  6.1
Fighting       | 4 5 |  5.9
Armour         | 3 4 |  4.8
Staves         | 2 4 |  4.0
Stealth        | 1 |  1.0
Dodging        | 3 |  3.4
Evocations     | 1 |  1.1

Action                     |  1- 3 |  4- 6 |  7- 9 || total
---------------------------+-------+-------+-------++-------
  Melee: Hand axe          |    60 |    36 |       ||    96
         Headbutt          |     4 |    11 |     4 ||    19
         Quarterstaff      |       |    91 |    22 ||   113
         Punch             |       |     2 |       ||     2
 Invoke: Berserk           |     1 |     2 |       ||     3
         Trog's Hand       |     1 |     1 |     2 ||     4
    Use: Scroll            |     2 |       |       ||     2
 Armour: Animal skin       |    33 |       |       ||    33
         Scale mail        |     3 |    84 |    20 ||   107
  Dodge: Dodged            |    36 |    70 |    16 ||   122
